 Dungeon Crawl Stone Soup version 0.23.0-3-gf3c87f2 (webtiles) character file.

Game seed: 4771458700876838278

12165 dvd the Grappler (level 11, -13/151 HPs)
             Began as a Troll Fighter on Feb 21, 2019.
             Mangled by a torpor snail (16 damage)
             ... on level 4 of the Lair of Beasts.
             The game lasted 00:27:10 (9576 turns).

dvd the Grappler (Troll Fighter)                    Turns: 9576, Time: 00:27:11

Health: -13/151    AC:  9    Str: 32    XL:     11   Next: 58%
Magic:  19/19      EV: 12    Int:  4    God:
Gold:   888        SH: 11    Dex: 11    Spells: 10/10 levels left

rFire    . . .     SeeInvis .     - Unarmed
rCold    . . .     Gourm    +   b - +0 shield
rNeg     . . .     Faith    .   a - +0 steam dragon scales
rPois    .         Spirit   .   (helmet restricted)
rElec    .         Reflect  .   P - scarf {repulsion}
rCorr    .         Harm     .   (gloves unavailable)
MR       .....                  (boots unavailable)
Stlth    ..........             z - amulet of rage
HPRegen  0.75/turn              F - +1 ring of slaying
MPRegen  0.16/turn              U - ring of magical power

@: berserking (expiring), slowed, studying Throwing, repel missiles
A: large, unfitting armour, claws 3, fast metabolism 3, gourmand, regeneration
1, shaggy fur 1, tough skin 3
a: Evoke Berserk Rage


You were on level 4 of the Lair of Beasts.
You were very full.

You visited 3 branches of the dungeon, and saw 17 of its levels.

You collected 888 gold pieces.

Inventory:

Hand Weapons
 y - a +1 whip of electrocution
 O - a +3 morningstar
Missiles
 p - a tomahawk (quivered)
 Q - 6 silver javelins
Armour
 a - +0 steam dragon scales (worn)
 b - a +0 shield (worn)
 n - a +0 robe of magic resistance
 P - a scarf of repulsion (worn)
 X - a +1 robe of cold resistance
Jewellery
 z - an amulet of rage (around neck)
 F - a +1 ring of slaying (left claw)
 L - a +4 ring of dexterity {unknown}
 U - a ring of magical power (right claw)
 V - an uncursed ring of fire
 Z - an uncursed amulet of magic regeneration
Wands
 k - a wand of iceblast (24)
 u - a wand of paralysis (12)
 N - a wand of polymorph (9)
Scrolls
 f - 2 scrolls of fog {unknown}
 i - 6 scrolls of identify {unknown}
 j - 3 scrolls of remove curse {unknown}
 l - 2 scrolls of enchant armour {unknown}
 o - 3 scrolls of random uselessness {unknown}
 v - 2 scrolls of amnesia {unknown}
 A - 7 scrolls of teleportation {unknown}
 B - 3 scrolls of enchant weapon {unknown}
 C - a scroll of magic mapping {unknown}
 D - a scroll of vulnerability {unknown}
 G - a scroll of blinking {unknown}
 H - 3 scrolls of noise {unknown}
 T - 2 scrolls of torment {unknown}
 W - a scroll of summoning {unknown}
 Y - a scroll of brand weapon {unknown}
Potions
 c - 7 potions of might
 e - 7 potions of curing
 g - 4 potions of flight {unknown}
 h - 3 potions of heal wounds {unknown}
 m - a potion of berserk rage {unknown}
 q - 2 potions of ambrosia {unknown}
 r - a potion of brilliance {unknown}
 s - a potion of magic {unknown}
 t - 4 potions of haste {unknown}
 I - 2 potions of cancellation {unknown}
 J - a potion of mutation {unknown}
 M - a potion of resistance {unknown}
Books
 R - a manual of Throwing
Miscellaneous
 S - a sack of spiders
Comestibles
 d - 26 rations
 E - 17 chunks of flesh


   Skills:
 + Level 4.5 Fighting
 * Level 3.9 Throwing
 + Level 6.7 Dodging
 + Level 2.9 Stealth
 + Level 7.3 Shields
 + Level 12.8 Unarmed Combat


You had 10 spell levels left.
You didn't know any spells.
Your spell library was empty.

Dungeon Overview and Level Annotations

Branches:
Dungeon (10/15)            Temple (0/1) D:6            Lair (5/6) D:10
    Orc (2/2) D:9
  Swamp: Lair:2-4    Shoals: Lair:2-4     Snake: Lair:2-4    Spider: Lair:2-4
  Slime: Lair:5-6       Elf: Orc:2

Altars:
Elyvilon
Okawaru
Uskayaw
Vehumet
The Shining One

Portals:
Gauntlet: Lair:4

Annotations:
D:8 Gastronok
Lair:3 Snorg
Lair:4 exclusion: 3 oklob plants


Innate Abilities, Weirdness & Mutations

You are too large for most types of armour.
You have claws for hands.
Your metabolism is lightning-fast.
You like to eat raw meat.
Your natural rate of healing is unusually fast.
You are covered in fur. (AC +1)
You have extremely tough skin. (AC +3)


Message History

The spiny frog is heavily wounded.
You block the spiny frog's attack. The torpor snail bites you.
* * * LOW HITPOINT WARNING * * *
You claw the spiny frog!
The spiny frog is almost dead.
The yak gores you but does no damage. You block the yak's attack.
The spiny frog closely misses you.
You claw the spiny frog!
You kill the spiny frog!
The yak gores you.
* * * LOW HITPOINT WARNING * * *
You block the yak's attack. You block the torpor snail's attack.
Unknown command.
You mangle the torpor snail!!
The torpor snail is moderately wounded.
The yak gores you but does no damage. You block the yak's attack.
You mangle the torpor snail!!
The torpor snail is almost dead.
The torpor snail bites you!
You die...

..)....#
#.P##
#......##
.......#
#...#
#....Y.#
.>.....#
#.###
###.#.##
.##.####
#..P#
###.##
##..#
#..##
##∩[#
#...####
#^..#
#Y..#
#......#
#PY##
#.#Y#
....<.≈#
##YY#
..Y...
...♣♣≈≈♣
♣@YY#
.........
♣≈♣♣ ♣≈≈≈
♣≈≈w.#
.....Y?..#
♣≈♣ ≈PP≈
♣;≈≈♣....
.........#


P≈P ≈≈≈ ;;P≈♣♣≈≈.≈..w.......# ≈≈≈♣ ≈≈ ≈≈≈≈P ≈P≈...........# ≈≈≈≈≈ ≈≈≈≈≈♣≈ ≈≈♣P..
P≈≈≈≈ ≈≈≈≈≈≈P r≈≈≈♣. P≈≈≈ ≈≈≈≈≈≈≈ ≈≈♣ You could see 2 elephants, a torpor snail,
3 yaks and 3 electric eels.

Vanquished Creatures
  Pikel (D:4)
  An orc sorcerer (Orc:1)
  An elephant (Lair:4)
  4 spiny frogs
  3 komodo dragons
  A hornet (D:8)
  A hippogriff (Lair:4)
  Sigmund (D:2)
  2 redbacks
  15 yaks
  2 humans (D:7)
  A steam dragon (Lair:2)
  2 wargs (D:9)
  6 water moccasins
  4 porcupines
  3 ice beasts
  2 slaves (D:4)
  3 orc warriors
  7 ogres
  A phantom (D:7)
  5 centaurs
  5 crocodiles
  6 bullfrogs
  A water moccasin skeleton (D:6)
  A wyvern skeleton (D:7)
  3 scorpions
  9 killer bees
  3 wights (D:8)
  A howler monkey (D:9)
  An electric eel (Lair:4)
  6 crimson imps
  A jelly (D:6)
  4 hounds
  Crazy Yiuf (D:7)
  3 orc priests
  3 bullfrog skeletons
  A centaur skeleton (D:5)
  Terence (D:2)
  An iguana (D:8)
  6 worker ants
  Natasha (thrice) (D:2)
  4 orc wizards
  2 worker ant zombies
  4 gnolls (D:9)
  7 adders
  3 shadow imps (D:5)
  An ooze (D:1)
  An adder skeleton (D:8)
  4 worms
  2 dart slugs
  5 leopard geckos
  11 orcs
  13 bats
  4 giant cockroaches
  7 goblins
  11 hobgoblins
  12 jackals
  3 quokkas
  3 ball pythons
  5 frilled lizards
  4 kobolds
  6 rats
238 creatures vanquished.

Vanquished Creatures (others)
  A hydra (D:9)
  A leopard gecko (D:4)
  2 jackals (D:4)
  4 fungi (Lair:4)
  4 plants
12 creatures vanquished.

Grand Total: 250 creatures vanquished

Notes
Turn   | Place    | Note
-------+----------+-------------------------------------------
     0 | D:1      | dvd the Troll Fighter began the quest for the Orb.
     0 | D:1      | Reached XP level 1. HP: 22/22 MP: 0/0
    39 | D:1      | Reached XP level 2. HP: 29/29 MP: 1/1
   470 | D:1      | Reached XP level 3. HP: 36/36 MP: 2/2
   673 | D:2      | Noticed Terence
   694 | D:2      | Killed Terence
   694 | D:2      | Reached XP level 4. HP: 44/44 MP: 3/3
   830 | D:2      | Noticed Natasha
   834 | D:2      | Killed Natasha
   834 | D:2      | Reached skill level 3 in Unarmed Combat
   900 | D:2      | Noticed Sigmund
   911 | D:2      | Killed Sigmund
   911 | D:2      | Reached skill level 4 in Unarmed Combat
   911 | D:2      | Reached XP level 5. HP: 46/53 MP: 4/4
   911 | D:2      | Noticed Natasha
   915 | D:2      | Killed Natasha
   915 | D:2      | Reached XP level 6. HP: 56/61 MP: 5/5
  1218 | D:2      | Noticed Natasha
  1229 | D:2      | Killed Natasha
  2476 | D:4      | Reached skill level 5 in Unarmed Combat
  2483 | D:4      | Noticed a slave
  2484 | D:4      | Noticed a slave
  2486 | D:4      | Noticed a slave
  2486 | D:4      | Noticed a slave
  2486 | D:4      | Noticed Pikel
  2505 | D:4      | Killed a slave
  2518 | D:4      | Killed a slave
  2527 | D:4      | Killed Pikel
  2527 | D:4      | Reached skill level 6 in Unarmed Combat
  2527 | D:4      | Reached XP level 7. HP: 22/67 MP: 6/6
  2765 | D:4      | Found a white marble altar of Elyvilon.
  2796 | D:5      | Entered Level 5 of the Dungeon
  2857 | D:5      | Reached XP level 8. HP: 50/75 MP: 7/7
  2907 | D:5      | Reached skill level 1 in Stealth
  3100 | D:5      | Reached skill level 7 in Unarmed Combat
  3203 | D:5      | Found a glowing golden altar of the Shining One.
  3583 | D:6      | Found a staircase to the Ecumenical Temple.
  3664 | D:6      | Reached skill level 5 in Shields
  3958 | D:6      | Reached skill level 8 in Unarmed Combat
  4058 | D:7      | Reached XP level 9. HP: 84/84 MP: 8/8
  4185 | D:7      | Reached skill level 5 in Dodging
  4258 | D:7      | Found an iron altar of Okawaru.
  4929 | D:7      | Reached skill level 9 in Unarmed Combat
  5103 | D:7      | Found a runed translucent door.
  5104 | D:7      | Noticed Crazy Yiuf
  5108 | D:7      | Killed Crazy Yiuf
  5191 | D:8      | Found a hide-covered altar of Uskayaw.
  5632 | D:8      | Noticed Gastronok
  5662 | D:7      | Reached XP level 10. HP: 53/92 MP: 9/9
  5855 | D:8      | Reached skill level 10 in Unarmed Combat
  6196 | D:9      | Killed a seven-headed hydra
  6240 | D:9      | Found a radiant altar of Vehumet.
  6291 | D:9      | Reached skill level 1 in Throwing
  6445 | D:9      | Found a staircase to the Orcish Mines.
  6454 | Orc:1    | Entered Level 1 of the Orcish Mines
  6486 | D:9      | HP: 4/92 [poisoned by an orc warrior]
  6492 | D:9      | HP: 4/92 [poisoned by an orc warrior]
  6849 | Orc:2    | Entered Level 2 of the Orcish Mines
  6900 | Orc:1    | Noticed an orc sorcerer
  6909 | Orc:1    | Killed an orc sorcerer
  7006 | D:10     | Entered Level 10 of the Dungeon
  7030 | D:10     | Found a staircase to the Lair.
  7057 | Lair:1   | Entered Level 1 of the Lair of Beasts
  7219 | Lair:1   | Reached skill level 11 in Unarmed Combat
  8304 | Lair:3   | Noticed an eight-headed hydra
  8306 | Lair:3   | Noticed a spiny frog
  8405 | Lair:2   | Reached XP level 11. HP: 94/101 MP: 10/10
  8443 | Lair:2   | Reached skill level 12 in Unarmed Combat
  8713 | Lair:3   | Noticed Snorg
  9349 | Lair:5   | Noticed a six-headed hydra
  9388 | Lair:4   | Noticed an oklob plant
  9388 | Lair:4   | Noticed an oklob plant
  9388 | Lair:4   | Noticed an oklob plant
  9497 | Lair:4   | Found a gate leading to a gauntlet.
  9572 | Lair:4   | HP: 6/151 [torpor snail (3)]
  9574 | Lair:4   | HP: 2/151 [yak (5)]
  9576 | Lair:4   | Mangled by a torpor snail

Skill      XL: |  1  2  3  4  5  6  7  8  9 10 11 |
---------------+----------------------------------+-----
Shields        | 3 4 5 6 7 |  7.3
Unarmed Combat | 4 6 8 9 11 12 | 12.8
Fighting       | 3 4 |  4.5
Dodging        | 3 4 5 6 |  6.7
Stealth        | 1 2 |  2.9
Throwing       | 1 3 |  3.9

Action                   |  1- 3 |  4- 6 |  7- 9 | 10-12 || total
-------------------------+-------+-------+-------+-------++-------
Melee: Unarmed           |    72 |   153 |   279 |   298 ||   802
Throw: Tomahawk          |       |       |     6 |     5 ||    11
       Javelin           |       |       |     2 |     6 ||     8
 Abil: Evoke Berserk Rag |       |       |       |     1 ||     1
Evoke: Wand              |       |       |       |     1 ||     1
 Stab: Sleeping          |       |     1 |     1 |     5 ||     7
       Paralysed         |       |       |       |     1 ||     1
  Eat: Chunk             |    12 |    15 |    30 |    36 ||    93
Armor: Robe              |    32 |    40 |    60 |    17 ||   149
       Steam dragon scal |       |       |       |    19 ||    19
Dodge: Dodged            |    27 |    44 |   102 |    99 ||   272
Block: Shield            |    27 |    59 |   119 |   129 ||   334
